 Dungeon Crawl Stone Soup version 0.29.0-13-gc9e81de378 (webtiles) character file.

Game seed: 9570366719201458635

1978 LabCoat the Chopper (level 9, -2/118 HPs)
             Began as a Hill Orc Fighter on Sept 9, 2022.
             Was an Initiate of Trog.
             Slain by a tengu warrior
             ... wielding a +0 war axe
              (5 damage)
             ... on level 7 of the Dungeon.
             The game lasted 00:22:28 (7673 turns).

LabCoat the Chopper (Hill Orc Fighter)              Turns: 7673, Time: 00:22:28

Health: -2/118     AC:  7    Str: 23    XL:     9   Next: 20%
Magic:  9/9        EV:  9    Int:  8    God:    Trog [......]
Gold:   529        SH:  6    Dex: 10    Spells: 8/8 levels left

rFire   . . .      SeeInvis +   A - +2 war axe (vorpal)
rCold   . . .      Faith    .   c - +1 buckler
rNeg    . . .      Spirit   .   b - +0 scale mail
rPois   +          Reflect  .   (no helmet)
rElec   .          Harm     .   B - scarf {+Inv}
rCorr   .          Rampage  .   (no gloves)
Will    .....                   (no boots)
Stlth   ..........              (no amulet)
HPRegen 0.29/turn               I - ring of poison resistance
MPRegen 0.11/turn               E - ring of see invisible

@: mighty, berserking (expiring), very quick
A: no striking features
a: Renounce Religion, Evoke Invisibility


You were on level 7 of the Dungeon.
You worshipped Trog.
Trog was noncommittal.
You visited 2 branches of the dungeon, and saw 8 of its levels.

You collected 529 gold pieces.

Inventory:

Hand Weapons
 f - a +0 mace of protection
 t - a +0 flail
 A - a +2 vorpal war axe (weapon)
Missiles
 y - 13 poisoned darts (quivered)
Armour
 b - a +0 scale mail (worn)
 c - a +1 buckler (worn)
 i - a scarf of shadows
 B - a scarf of invisibility (worn)
Jewellery
 d - a +6 ring of strength
 m - a +6 ring of intelligence
 D - a +4 ring of protection
 E - a ring of see invisible (right hand)
 I - a ring of poison resistance (left hand)
 J - a +6 ring of strength
Wands
 h - a wand of digging (6)
 C - a wand of roots (2)
 L - a wand of paralysis (14)
Scrolls
 e - a scroll of magic mapping
 j - a scroll of blinking {unknown}
 n - 3 scrolls of teleportation
 o - 3 scrolls of enchant armour
 q - a scroll of amnesia
 r - a scroll of silence
 s - a scroll of immolation
 w - a scroll of fear {unknown}
 x - a scroll of poison
 G - a scroll of brand weapon {unknown}
Potions
 a - a potion of heal wounds {unknown}
 g - a potion of attraction {unknown}
 k - 2 potions of flight
 l - 3 potions of mutation
 p - a potion of magic {unknown}
 u - 4 potions of lignification
 v - 2 potions of might
 z - 2 potions of brilliance
 F - a potion of curing
 H - a potion of haste {unknown}


   Skills:
 + Level 7.3 Fighting
 + Level 7.4 Axes
 - Level 1.8 Throwing
 + Level 6.7 Armour
 + Level 6.7 Shields
 + Level 4.1 Evocations


You had 8 spell levels left.
You didn't know any spells.
Your spell library contained the following spells:

 Spells                   Type           Power      Damage    Failure   Level
 Necrotise                Necr           0%         1d4       77%         1
 Dazzling Flash           Conj/Hex       0%         N/A       98%         3
 Ozocubu's Armour         Ice            0%         N/A       98%         3
 Vampiric Draining        Necr           0%         2d6       98%         3
 Iskenderun's Mystic Bla  Conj/Tloc      0%         2d3       100%        4
 Agony                    Necr           0%         N/A       100%        5
 Metabolic Englaciation   Hex/Ice        0%         N/A       100%        5
 Simulacrum               Ice/Necr       0%         N/A       100%        6
 Starburst                Conj/Fire      0%         6d3       100%        6


Dungeon Overview and Level Annotations

Branches:
Dungeon (7/15)             Temple (1/1) D:7

Altars:
Ashenzari
Cheibriados
Dithmenos
Elyvilon
Fedhas
Gozag
Hepliaklqana
Kikubaaqudgha
Makhleb
Nemelex Xobeh
Okawaru
Qazlal
Ru
Sif Muna
Trog
Uskayaw
Vehumet
Wu Jian
Xom
Yredelemnul
Zin
The Shining One

Annotations:
D:7 2 transporters, rossy's ghost, novice GnFi


Message History

* * * LOW HITPOINT WARNING * * *
The tengu warrior claws you but does no damage.
You barely miss the tengu warrior.
The tengu warrior is heavily wounded.
You barely miss the tengu warrior.
The tengu warrior is heavily wounded.
The tengu warrior hits you with a +0 war axe.
* * * LOW HITPOINT WARNING * * *
The tengu warrior pecks you.
* * * LOW HITPOINT WARNING * * *
The tengu warrior claws you.
* * * LOW HITPOINT WARNING * * *
You miss the tengu warrior.
The tengu warrior is heavily wounded.
You block the tengu warrior's attack. The tengu warrior pecks you.
* * * LOW HITPOINT WARNING * * *
The tengu warrior barely misses you. The tengu warrior blocks your attack.
The tengu warrior is heavily wounded.
The tengu warrior hits you with a +0 war axe.
* * * LOW HITPOINT WARNING * * *
The tengu warrior pecks you but does no damage.
The tengu warrior claws you but does no damage.
You miss the tengu warrior.
The tengu warrior is heavily wounded.
The tengu warrior blocks your attack.
The tengu warrior is heavily wounded.
The tengu warrior hits you with a +0 war axe!
* * * LOW HITPOINT WARNING * * *
The tengu warrior closely misses you. You block the tengu warrior's attack.
You are too berserk!
You closely miss the tengu warrior.
The tengu warrior is heavily wounded.
The tengu warrior closely misses you. You block the tengu warrior's attack.
The tengu warrior claws you but does no damage.
You slash the tengu warrior!
The tengu warrior is almost dead.
The tengu warrior completely misses you.
The tengu warrior pecks you.
You die...

#####..##.# ##.### ###
......###.########...#
#..
###...........<......###
#..
###.######..###.####.<.#
##.. #...# ##......#
###########..) #.####
##.....# ####.......##
..#..# #.....#
...########### >...#
#.....#.....###.......
#####
+..8.@Q.....#.........
...
#.....#.....###.......
###
#.....##...##.........
###+### #######.......
#...>.## #.....# #.....#
#.....# #######


You could see a tengu warrior.

Vanquished Creatures
  A water moccasin (D:7)
  A sky beast (D:7)
  A black bear (D:4)
  4 ogres
  A centaur (D:5)
  2 kobold brigands (D:6)
  3 bullfrogs
  2 scorpions
  A necrophage (D:5)
  6 killer bees (D:7)
  A jelly (D:6)
  2 orc priests
  3 iguanas
  5 orc wizards
  3 gnolls (D:5)
  6 adders
  2 ufetubi
  3 worms
  5 dart slugs
  17 orcs
  6 ball pythons
  5 bats
  3 endoplasms
  2 giant cockroaches (D:2)
  7 hobgoblins
  4 jackals (D:1)
  2 quokkas
  2 frilled lizards
  8 goblins
  12 kobolds
  6 rats
126 creatures vanquished.

Vanquished Creatures (others)
  3 plants (D:1)
3 creatures vanquished.

Grand Total: 129 creatures vanquished

Notes
Turn   | Place    | Note
-------+----------+-------------------------------------------
     0 | D:1      | LabCoat the Hill Orc Fighter began the quest for the Orb.
     0 | D:1      | Reached XP level 1. HP: 19/19 MP: 1/1
    12 | D:1      | You fall into a shaft and drop 1 floor!
   279 | D:1      | Found a faded altar of an unknown god.
   326 | D:1      | Reached XP level 2. HP: 26/27 MP: 2/2
   637 | D:1      | Identified a scroll of acquirement
   637 | D:1      | Acquired a +6 ring of strength
  1018 | D:1      | Reached XP level 3. HP: 30/33 MP: 3/3
  1862 | D:2      | Reached XP level 4. HP: 35/40 MP: 4/4
  3277 | D:4      | Noticed an ogre
  3283 | D:4      | Killed an ogre
  3284 | D:4      | Reached skill level 1 in Throwing
  3284 | D:4      | Reached XP level 5. HP: 35/47 MP: 5/5
  3417 | D:4      | Noticed a black bear
  3423 | D:4      | Killed a black bear
  3424 | D:4      | Reached skill level 5 in Fighting
  3424 | D:4      | Reached XP level 6. HP: 48/56 MP: 6/6
  3826 | D:5      | Entered Level 5 of the Dungeon
  4083 | D:5      | Reached skill level 5 in Axes
  4083 | D:5      | Reached XP level 7. HP: 53/61 MP: 7/7
  4142 | D:5      | Reached skill level 1 in Evocations
  4217 | D:5      | Reached skill level 5 in Armour
  4217 | D:5      | Reached skill level 5 in Shields
  4616 | D:5      | Found a hazy altar of Hepliaklqana.
  5279 | D:6      | Found a radiant altar of Vehumet.
  5294 | D:6      | Found a shimmering blue altar of Sif Muna.
  5299 | D:6      | Reached XP level 8. HP: 59/70 MP: 8/8
  5352 | D:6      | Found a bloodstained altar of Trog.
  5373 | D:6      | Became a worshipper of Trog the Wrathful
  6596 | D:7      | Reached XP level 9. HP: 52/79 MP: 9/9
  6910 | D:7      | Found a staircase to the Ecumenical Temple.
  6925 | Temple   | Entered the Ecumenical Temple
  7144 | D:7      | Found a broken altar of Ashenzari.
  7203 | D:7      | Found a transporter.
  7209 | D:7      | Noticed a moth of wrath
  7209 | D:7      | Noticed rossy's ghost (novice GnFi)
  7245 | D:7      | Found a transporter.
  7410 | D:7      | Found a basalt altar of Yredelemnul.
  7540 | D:7      | Found a glowing golden altar of the Shining One.
  7654 | D:7      | Noticed a tengu warrior
  7671 | D:7      | HP: 2/118 [tengu warrior/+0 war axe (13)]
  7673 | D:7      | Slain by a tengu warrior

Illustrated notes

Levels and vault maps discovered:
D:1:      nzn_arrival_depleted_hourglass, layout_basic,
          chequers_ecumenical_altar_grove, serial_forest,
          infiniplex_forest_end_2, infiniplex_forest_clump_curved,
          infiniplex_forest_zigzag_2, infiniplex_forest_clump_small,
          infiniplex_forest_lined_2, infiniplex_forest_end_3,
          infiniplex_forest_straight_1
D:2:      layout_loops_ring, nicolae_wormholes
D:3:      layout_loops_cross
D:4:      layout_rooms
D:5:      layout_layer_cave, mainiacjoe_overflow_six_doors_small,
          chequers_serial_rivers_micro_a
D:6:      layout_loops_ring, grunt_temple_overflow_open,
          nicolae_underground_beach
D:7:      layout_rooms, yredelemnul_altar_generic, amcnicky_altar_gilded,
          lemuel_round_altar, minmay_temple_entry_statues_fountains,
          gammafunk_ghost_berserking_beasts, grunt_ministairs_8,
          minmay_three_doors
Temple:   nicolae_temple_bog_church

Skill      XL: |  1  2  3  4  5  6  7  8  9 |
---------------+----------------------------+-----
Axes           | 3 4 5 7 |  7.4
Fighting       | 4 5 6 7 |  7.3
Armour         | 4 5 6 |  6.7
Shields        | 4 5 6 |  6.7
Throwing       | 1 |  1.8
Evocations     | 2 3 4 |  4.1

Action                   |  1- 3 |  4- 6 |  7- 9 || total
-------------------------+-------+-------+-------++-------
Melee: War axe           |    79 |    85 |   171 ||   335
Throw: Dart              |     3 |     9 |    21 ||    33
       Boomerang         |       |    28 |    24 ||    52
       Throwing net      |       |       |     1 ||     1
Evoke: Wand              |       |     1 |     9 ||    10
  Use: Scroll            |     7 |     4 |     6 ||    17
       Potion            |     1 |       |     8 ||     9
 Stab: Confused          |       |       |     1 ||     1
Armor: Scale mail        |    37 |    30 |    55 ||   122
Dodge: Dodged            |    48 |    29 |    66 ||   143
Block: Buckler           |    19 |    23 |    42 ||    84
